 Dungeon Crawl Stone Soup version 0.31-a0-354-g827e0957a7 (webtiles) character file.

Game seed: 13754434327595066403

48 drugrobin the Sneak (level 3, -1/30 HPs)
             Began as a Demigod Delver on July 24, 2023.
             Slain by an adder (3 damage)
             ... in a sewer.
             The game lasted 00:02:02 (339 turns).

drugrobin the Sneak (Demigod Delver)                 Turns: 339, Time: 00:02:03

Health: -1/30      AC:  3    Str: 17    XL:     3   Next: 30%
Magic:  5/5        EV: 12    Int: 12    God:
Gold:   0          SH:  0    Dex: 15    Spells: 2/2 levels left

rFire   . . .        j - +0 flail
rCold   . . .        (no shield)
rNeg    . . .        b - +0 leather armour
rPois   .            (no helmet)
rElec   .            (no cloak)
rCorr   .            (no gloves)
SInv    .            (no boots)
Will    .....        (no amulet)
Stlth   +++          (no ring)
HPRegen 0.25/turn    (no ring)
MPRegen 0.09/turn

%: no passive effects
@: lethally poisoned (-1 -> -4), hasted, very quick
A: high MP 1, forlorn, divine attributes
a: no special abilities


You were in a sewer.
You visited 1 branch of the dungeon, and saw 1 of its levels.
You also visited: Sewer.

Inventory:

Hand Weapons
 a - a +0 mace
 j - a +0 flail (weapon)
Armour
 b - a +0 leather armour (worn)
Wands
 g - a wand of digging (3)
Scrolls
 c - a scroll of fog
 d - a scroll of revelation
 e - a scroll of fear
 h - 2 scrolls of identify {unknown}
 i - a scroll of teleportation {unknown}


   Skills:
 - Level 2.6 Fighting
 + Level 3.6 Maces & Flails
 - Level 1.7 Dodging
 - Level 4.5 Stealth


You had 2 spell levels left.
You didn't know any spells.
Your spell library was empty.

Dungeon Overview and Level Annotations

Branches:
Dungeon (5/15)             Temple (0/1) D:5           Sewer (1/1)


Innate Abilities, Weirdness & Mutations

You have an increased reservoir of magic. (+10% MP)
You shall have no god before yourself.
Your divine heritage dramatically boosts your attributes as you level up.


Message History

The adder bites you but does no damage. The adder closely misses you.
You hit the adder.
The adder is lightly wounded.
You feel sick. The adder bites you.
You barely miss the adder.
The adder is lightly wounded.
You feel sick. The adder completely misses you. x2
You barely miss the adder.
The adder is lightly wounded.
You feel sick. The adder bites you.
You are more poisoned.
The adder poisons you! The adder barely misses you.
You hit the adder.
The adder is heavily wounded.
* * * LOW HITPOINT WARNING * * *
You feel very sick. The adder bites you but does no damage.
Unknown command.
Okay, then.
You feel yourself speed up.
You feel sick. The adder barely misses you. The adder closely misses you.
Unknown command.
Unknown command.
You feel sick.
You feel sick.
You feel sick.
You feel sick.
You barely miss the adder.
The adder is heavily wounded.
You feel sick. The adder bites you.
* * * LOW HITPOINT WARNING * * *
You are lethally poisoned!
The adder poisons you!
Unknown command.
Unknown command.
You closely miss the adder.
The adder is heavily wounded.
* * * LOW HITPOINT WARNING * * *
You feel sick. The adder bites you.
You die...

########## #~.#
#.....~.~# #..#
#.~.~...~# #.~#
#.†####..# #.~#
#~.# #~.# #..#
#..# #~~# #..#
#..# #~.# #..#
#~.# #..# ##S.#
#.~# #.~# #~@~#
#..# #~~# ##~~##
#..# #..####.~.#
##..####..~.~.~..#
≈≈..≈≈##~.~~..~.##
≈~...≈###########
≈∩..∩≈# ≈.~..≈#
≈≈≈≈≈≈#


You could see an adder.

Vanquished Creatures
  A hound (D:5)
  A worm (D:5)
  2 ball pythons
  5 endoplasms (Sewer)
  2 giant cockroaches
  A frilled lizard (Sewer)
  3 rats (D:5)
15 creatures vanquished.

Notes
Turn   | Place    | Note
-------+----------+-------------------------------------------
     0 | D:5      | drugrobin the Demigod Delver began the quest for the Orb.
     0 | D:5      | Reached XP level 1. HP: 18/18 MP: 3/3
    27 | D:5      | Noticed a hound
    46 | D:5      | Killed a hound
    47 | D:5      | Reached XP level 2. HP: 10/25 MP: 4/4
   145 | D:5      | Found a glowing drain.
   156 | D:5      | Reached XP level 3. HP: 27/30 MP: 5/5
   196 | Sewer    | Entered a sewer
   339 | Sewer    | Slain by an adder

Illustrated notes

Levels and vault maps discovered:
D:5:      cheibrodos_quashed, layout_basic,
          minmay_temple_entry_drinking_statues, portal_sewer_entry_c,
          goddamned_bats
Sewer:    sewer_hellmonk_slimy_pipes

Skill      XL: |  1 |
---------------+----+-----
Maces & Flails | 3 |  3.6
Fighting       | |  2.6
Dodging        | |  1.7
Stealth        | |  4.5

Action                     || total
---------------------------++-------
  Melee: Flail             ||    58
         Punch             ||     2
    Use: Potion            ||     1
   Stab: Sleeping          ||     3
 Armour: Leather armour    ||    13
  Dodge: Dodged            ||    34

Table legend: (Time is in decaauts)
 A = Elapsed time spent in this place.
 B = Non-inter-level travel time spent in this place.
 C = Inter-level travel time spent in this place.
 D = Time resting spent in this place.
 E = Time spent auto-exploring this place.
 F = Levels seen in this place.
 G = Mean time per level.
                   A        B        C        D        E       F      G
               +--------+--------+--------+--------+--------+-----+--------+
         Total |    355 |    355 |      0 |    125 |      6 |   2 |  177.5 |
       Dungeon |    204 |    204 |      0 |     77 |      0 |   1 |  204.0 |
         Sewer |    151 |    151 |      0 |     48 |      6 |   1 |  151.0 |
               +--------+--------+--------+--------+--------+-----+--------+

Top non-repeatable levels by time:
     D:5: 204 daAuts
   Sewer: 151 daAuts
